[Event "November 21 Late 2023"]
[Site "https://www.chess.com"]
[Date "2023.11.21"]
[Round "10"]
[White "Bilan, Danila"]
[Black "Khamrakulov, Djurabek"]
[Result "0-1"]
[Board "22"]
[TimeControl "180+1"]
[WhiteFideId "24161918"]
[BlackFideId "14201143"]
[WhiteElo "2146"]
[BlackElo "2535"]
[WhiteTeam "RUS"]
[BlackTeam "UZB"]
[WhiteClock "0:00:27"]
[BlackClock "0:01:45"]

1. d4 d5 2. Nf3 Nf6 3. c4 c5 4. cxd5 cxd4 5. Qxd4 Qxd5 6. Nc3 Qxd4 7. Nxd4 a6 8. g3 e5 9. Nb3 Bd7 10. Bg2 Bc6 11. Bxc6+ Nxc6 12. Bg5 Nd7 13. Nd5 Rc8 14. O-O f6 15. Be3 Kf7 16. Rfd1 Ke6 17. Rac1 Bd6 18. Nb6 Nxb6 19. Bxb6 Ne7 20. e4 Rxc1 21. Rxc1 Rc8 22. Kf1 Rxc1+ 23. Nxc1 Nc8 24. Be3 b5 25. Ke2 Ne7 26. Kd3 Nc6 27. a3 Na5 28. Nb3 Nxb3 0-1

[Event "November 21 Late 2023"]
[Site "https://www.chess.com"]
[Date "2023.11.21"]
[Round "10"]
[White "Van Dael, Siem"]
[Black "Krysa, Leandro"]
[Result "0-1"]
[Board "23"]
[TimeControl "180+1"]
[WhiteFideId "1049771"]
[BlackFideId "116807"]
[WhiteElo "2252"]
[BlackElo "2495"]
[WhiteTeam "NED"]
[BlackTeam "ARG"]
[WhiteClock "0:01:08"]
[BlackClock "0:01:54"]

1. e4 e5 2. Nf3 Nc6 3. Bc4 Nf6 4. Ng5 d5 5. exd5 Na5 6. Bb5+ c6 7. dxc6 bxc6 8. Bd3 Nd5 9. h4 h6 10. Qh5 Qc7 11. Nf3 Bd6 12. Nh2 Nf4 13. Qf3 f5 14. Nc3 e4 15. Nxe4 fxe4 16. Qxe4+ Kf7 17. Bc4+ Nxc4 18. Qxc4+ Be6 19. Qe4 Qd7 20. O-O Bd5 21. Qa4 Ne2+ 22. Kh1 Qh3 23. f3 Qxh2# 0-1

[Event "November 21 Late 2023"]
[Site "https://www.chess.com"]
[Date "2023.11.21"]
[Round "10"]
[White "Nikologorsky, Matfei"]
[Black "Korchmar, Vasiliy"]
[Result "0-1"]
[Board "24"]
[TimeControl "180+1"]
[WhiteFideId "24102474"]
[BlackFideId "24131750"]
[WhiteElo "2153"]
[BlackElo "2372"]
[WhiteTeam "FID"]
[BlackTeam "RUS"]
[WhiteClock "0:00:12"]
[BlackClock "0:00:10"]

1. e4 c5 2. Nf3 d6 3. d4 cxd4 4. Nxd4 Nf6 5. Nc3 Nc6 6. Bg5 Bd7 7. Qd3 Rc8 8. f4 Nb4 9. Qd2 Qb6 10. a3 Qxd4 11. axb4 Qxb4 12. O-O-O Nxe4 13. Nxe4 Qxe4 14. Bd3 Qa4 15. Kb1 h6 16. Bh4 g5 17. Bg3 Bg7 18. fxg5 Be6 19. c4 Rxc4 20. Bxc4 Bxc4 21. Qc2 Qa2+ 22. Kc1 O-O 23. Kd2 Bb3 24. Ra1 Qxa1 25. Rxa1 Bxc2 26. Kxc2 Rc8+ 27. Kb3 a6 28. gxh6 Bxh6 29. Re1 Kf8 30. Bh4 f6 31. Bf2 Bf4 32. h3 Be5 33. Re4 Rc1 34. Bd4 Kf7 35. Bxe5 dxe5 36. Rb4 b5 37. Rh4 Rg1 38. Rg4 f5 39. Rg3 Kf6 40. Kc3 e4 41. Kd4 e5+ 42. Kd5 Rd1+ 43. Kc5 f4 44. Rc3 e3 45. Rc2 Rd2 46. Rc1 Rxb2 47. Kd5 Rxg2 48. Ke4 e2 49. Kf3 Rh2 50. Re1 Rxh3+ 51. Kf2 Re3 52. Kg2 b4 53. Kf2 a5 54. Kg2 a4 55. Kf2 b3 56. Kg2 a3 57. Kf2 b2 0-1

[Event "November 21 Late 2023"]
[Site "https://www.chess.com"]
[Date "2023.11.21"]
[Round "10"]
[White "Annaberdiyev, Meylis"]
[Black "PapaieDudu"]
[Result "1-0"]
[Board "25"]
[TimeControl "180+1"]
[WhiteFideId "14000563"]
[WhiteElo "2405"]
[BlackElo "2422"]
[WhiteTeam "TKM"]
[WhiteClock "0:01:27"]
[BlackClock "0:00:01"]

1. e4 c5 2. Nc3 a6 3. a3 e6 4. f4 d5 5. Nf3 d4 6. Ne2 Nf6 7. Ng3 h5 8. e5 Nd5 9. d3 Nc6 10. Ne4 Be7 11. Be2 g6 12. O-O Bf8 13. c4 Ne3 14. Nf6+ Ke7 15. Qe1 Nf5 16. Ng5 Bg7 17. Nge4 h4 18. b4 b6 19. Rb1 cxb4 20. axb4 a5 21. Ba3 Qc7 22. bxa5+ Kd8 23. axb6 Qb8 24. Bd6 Nxd6 25. Nxd6 Ke7 26. b7 Bxb7 27. Rxb7+ Qxb7 28. Nxb7 Ra7 29. Bf3 Rb8 30. Bxc6 Ra5 1-0

[Event "November 21 Late 2023"]
[Site "https://www.chess.com"]
[Date "2023.11.21"]
[Round "10"]
[White "mind1mover"]
[Black "Lebedev, Artem S."]
[Result "1-0"]
[Board "26"]
[TimeControl "180+1"]
[BlackFideId "34272747"]
[WhiteElo "2863"]
[BlackElo "1952"]
[BlackTeam "RUS"]
[WhiteClock "0:00:44"]
[BlackClock "0:00:00"]

1. e4 e5 2. Nf3 Nc6 3. Bb5 a6 4. Bxc6 dxc6 5. d4 exd4 6. Qxd4 Qxd4 7. Nxd4 Bd7 8. Nc3 O-O-O 9. Be3 c5 10. Nde2 Bc6 11. f3 Ne7 12. h4 h5 13. Bxc5 Ng6 14. Bxf8 Rhxf8 15. Rd1 Rxd1+ 16. Nxd1 Rd8 17. Ne3 Bb5 18. c4 Bc6 19. Nf5 Ne5 20. b3 Nd3+ 21. Kf1 g6 22. Ne7+ Kd7 23. Nd5 Bxd5 24. cxd5 c6 25. Nc3 cxd5 26. Nxd5 f5 27. Ke2 fxe4 28. fxe4 Nc5 29. Ke3 Kd6 30. Kd4 Re8 31. Nc3 Ne6+ 32. Ke3 Ke5 33. Rd1 Nc7 34. Rd7 Ne6 35. Rxb7 Rc8 36. Nd5 Rc2 37. Nb4 1-0

[Event "November 21 Late 2023"]
[Site "https://www.chess.com"]
[Date "2023.11.21"]
[Round "10"]
[White "Bazeev, German"]
[Black "Ambartsumova, Karina"]
[Result "1-0"]
[Board "27"]
[TimeControl "180+1"]
[WhiteFideId "24119350"]
[BlackFideId "4166299"]
[WhiteElo "2418"]
[BlackElo "2240"]
[WhiteTeam "RUS"]
[BlackTeam "RUS"]
[WhiteClock "0:00:28"]
[BlackClock "0:00:11"]

1. d4 Nf6 2. c4 e6 3. Nf3 d5 4. Nc3 Be7 5. Bf4 O-O 6. e3 b6 7. a3 c5 8. cxd5 exd5 9. Be2 Bb7 10. O-O Nc6 11. Rc1 Rc8 12. dxc5 bxc5 13. Na4 Qa5 14. Nd2 c4 15. Nc3 Rfd8 16. Nf3 h6 17. Nd4 Nxd4 18. exd4 Bd6 19. Qd2 Qb6 20. Bxd6 Qxd6 21. Bf3 a6 22. Rfe1 Re8 23. g3 Ne4 24. Bxe4 dxe4 25. d5 Rcd8 26. Rcd1 f5 27. Qd4 Rc8 28. Qe3 Kh7 29. Rd4 Red8 30. Red1 Qb6 31. R4d2 Qd6 32. h4 Rf8 33. Qf4 Rcd8 34. Qxd6 Rxd6 35. Rd4 Rc8 36. h5 Kg8 37. f3 exf3 38. Kf2 Kf7 39. Kxf3 Kf6 40. Kf4 Rc5 41. g4 fxg4 42. Ne4+ Ke7 43. Nxc5 Bc8 44. Ne4 Rd8 45. d6+ Kd7 46. Nc5+ Kc6 47. d7 Kxc5 48. dxc8=Q+ Rxc8 49. Rxc4+ Kxc4 50. Rc1+ 1-0

[Event "November 21 Late 2023"]
[Site "https://www.chess.com"]
[Date "2023.11.21"]
[Round "10"]
[White "Erdogan, Anil Berk"]
[Black "Maksimovic, Bojan"]
[Result "0-1"]
[Board "28"]
[TimeControl "180+1"]
[WhiteFideId "6348173"]
[BlackFideId "14408120"]
[WhiteElo "2007"]
[BlackElo "2546"]
[WhiteTeam "TUR"]
[BlackTeam "BIH"]
[WhiteClock "0:00:19"]
[BlackClock "0:00:12"]

1. e4 a6 2. d4 e6 3. Nf3 d5 4. exd5 exd5 5. Nc3 c6 6. Bg5 Be7 7. Qd2 Bg4 8. Bxe7 Qxe7+ 9. Be2 Bxf3 10. gxf3 Nd7 11. O-O-O Qd6 12. Qg5 Qh6 13. f4 Kf8 14. Rde1 Ne7 15. Bg4 Nf6 16. Rxe7 Kxe7 17. Qe5+ Kf8 18. Re1 Qxh2 19. b3 h5 20. Bf5 Kg8 21. Qc7 Qxf2 22. Re7 Rf8 23. Kb2 Qxd4 24. Rxf7 Rxf7 25. Be6 Kh7 26. Bf5+ Kg8 27. Be6 Qg1 28. Qxf7+ Kh7 29. Bf5+ Kh6 30. Ne2 Qg2 31. Nd4 Nh7 32. Bd3 g6 33. Ne6 h4 34. Qg7+ Kh5 35. Qxh8 Kg4 36. Qxh7 h3 37. Qxg6+ Kf3 38. Nd4+ Ke3 39. Qxg2 hxg2 40. Ne2 c5 41. f5 b5 42. Ng1 Kf2 43. Nh3+ Kg3 44. Ng1 Kf2 45. Ne2 c4 46. f6 cxd3 47. f7 Kxe2 48. f8=Q g1=Q 49. Qe7+ Qe3 50. Qxe3+ Kxe3 51. cxd3 Kxd3 52. Ka3 Kc3 53. b4 Kc4 54. Kb2 Kxb4 55. a4 Kxa4 56. Kc3 Ka3 57. Kc2 Kb4 58. Kb1 Kc4 59. Ka2 b4 60. Kb2 a5 61. Ka2 d4 62. Kb2 a4 63. Ka2 d3 64. Kb2 a3+ 65. Ka2 Kc3 66. Kb1 b3 67. Ka1 d2 68. Kb1 d1=B 69. Kc1 Bh5 70. Kb1 Bg6+ 71. Ka1 b2+ 72. Ka2 Bf7+ 73. Kxa3 b1=Q 74. Ka4 Qb6 75. Ka3 Qb3# 0-1

[Event "November 21 Late 2023"]
[Site "https://www.chess.com"]
[Date "2023.11.21"]
[Round "10"]
[White "Troff, Kayden"]
[Black "elmusmolamas"]
[Result "1-0"]
[Board "29"]
[TimeControl "180+1"]
[WhiteFideId "2047896"]
[WhiteElo "2544"]
[BlackElo "2589"]
[WhiteTeam "USA"]
[WhiteClock "0:00:48"]
[BlackClock "0:00:06"]

1. d4 Nf6 2. Nf3 d5 3. Bf4 Bf5 4. e3 e6 5. Ne5 Bd6 6. Nd2 O-O 7. Bd3 Ne4 8. g4 Bg6 9. Nxg6 fxg6 10. Bxe4 Bxf4 11. Bg2 Bxe3 12. fxe3 Qh4+ 13. Ke2 Rf2+ 14. Kd3 Rxg2 15. Rf1 Qxg4 16. Qxg4 Rxg4 17. b4 e5 18. b5 e4+ 19. Kc3 Nd7 20. Rf2 Rf8 21. Raf1 Rxf2 22. Rxf2 Rg5 23. Kb4 Rf5 24. Rg2 g5 25. c4 c6 26. a4 Kf7 27. a5 a6 28. cxd5 cxd5 29. Nb3 h6 30. Rc2 Rf1 31. Rc7 Ke8 32. Rxb7 axb5 33. a6 Rf2 34. a7 Ra2 35. Rb8+ Kf7 36. a8=Q Rxa8 37. Rxa8 g4 38. Ra7 Ke6 39. Nc5+ Nxc5 40. Kxc5 Kf6 41. Kxd5 h5 42. Kxe4 h4 43. Ra6+ Kg5 44. Rb6 g3 45. hxg3 h3 46. Kf3 1-0

[Event "November 21 Late 2023"]
[Site "https://www.chess.com"]
[Date "2023.11.21"]
[Round "10"]
[White "BardArtem"]
[Black "GatoRojo150"]
[Result "1/2-1/2"]
[Board "30"]
[TimeControl "180+1"]
[WhiteElo "2775"]
[BlackElo "2585"]
[WhiteClock "0:00:07"]
[BlackClock "0:00:14"]

1. e4 e5 2. d4 exd4 3. Qxd4 Nc6 4. Qd3 Nf6 5. Nc3 d5 6. Bf4 d4 7. Nb5 Bb4+ 8. c3 Ba5 9. O-O-O O-O 10. cxd4 a6 11. Nc3 Bxc3 12. bxc3 Qe7 13. Re1 Qa3+ 14. Kb1 Re8 15. Nf3 Be6 16. Qc2 Nxe4 17. Rxe4 Bxa2+ 18. Qxa2 Qxa2+ 19. Kxa2 Rxe4 20. Bg3 b5 21. Bd3 Re7 22. d5 Na5 23. Nd4 g6 24. h4 Rd8 25. d6 cxd6 26. h5 Rc7 27. hxg6 fxg6 28. Ne6 Rxc3 29. Nxd8 Rxd3 30. Kb2 Nc4+ 31. Kc2 Rd2+ 32. Kc3 d5 33. Nc6 Ra2 34. Ne7+ Kf7 35. Nxd5 h5 36. Re1 Ra3+ 37. Kb4 Ra4+ 38. Kc5 Kf8 39. Re6 Kg7 40. Nc7 Ra2 41. Rxa6 Rxa6 42. Nxa6 Nd2 43. Kxb5 Ne4 44. Kc4 Kf6 45. Kd4 Kf5 46. Ke3 Nc3 47. Nc5 Nd5+ 48. Kf3 g5 49. Bh2 h4 50. g4+ hxg3 51. Bxg3 Nc3 52. Nb3 Nd1 53. Ke2 Nxf2 54. Kxf2 g4 55. Ke3 Ke6 56. Kf4 Kd5 57. Nd2 Kd4 58. Nf1 Kd3 59. Nh2 Kd4 60. Nxg4 Kd5 61. Bf2 Kc4 62. Ke4 Kb5 63. Kd5 Kb4 64. Bd4 Kb3 65. Ne3 Kb4 66. Kc6 Kb3 67. Kb5 Ka3 68. Kc4 Ka4 69. Bb2 Ka5 70. Nd5 Ka6 71. Kc5 Kb7 72. Nb6 Kc7 73. Bf6 Kb7 74. Be7 Kc7 75. Bf6 Kb7 76. Be5 Ka7 77. Kc6 Ka6 78. Bc3 Ka7 79. Nd7 Ka8 80. Kc7 Ka7 81. Nb8 Ka8 82. Na6 Ka7 83. Nb4 Ka8 84. Kc8 Ka7 85. Kc7 Ka8 86. Nd3 Ka7 87. Nc5 Ka8 88. Be5 Ka7 89. Kc6 Ka8 90. Nd7 Ka7 91. Nb6 Ka6 92. Bc3 Ka7 93. Nd5 Kb8 94. Ne7 Ka7 95. Bb4 Ka8 96. Kb6 Kb8 97. Bc5 Ka8 98. Nd5 Kb8 99. Kc6 Ka8 100. Nc7+ Kb8 101. Bb6 Kc8 102. Ba7 Kd8 103. Nd5 Kc8 104. Ne7+ Kd8 105. Kd6 Ke8 106. Ke6 Kd8 107. Bb6+ Ke8 108. Nf5 Kf8 109. Kf6 Ke8 110. Ke6 1/2-1/2

[Event "November 21 Late 2023"]
[Site "https://www.chess.com"]
[Date "2023.11.21"]
[Round "10"]
[White "Janaszak, Dawid"]
[Black "Hambleton, Aman"]
[Result "0-1"]
[Board "31"]
[TimeControl "180+1"]
[WhiteFideId "1119206"]
[BlackFideId "2606577"]
[WhiteElo "2218"]
[BlackElo "2511"]
[WhiteTeam "POL"]
[BlackTeam "CAN"]
[WhiteClock "0:00:00"]
[BlackClock "0:00:04"]

1. d4 e5 2. e4 exd4 3. Nf3 d5 4. exd5 Qxd5 5. Qxd4 Qxd4 6. Nxd4 Bc5 7. Nb5 Bb6 8. Bf4 Na6 9. N1c3 Nf6 10. Na4 Ba5+ 11. c3 O-O 12. O-O-O Ne4 13. Be3 c6 14. Nd6 Nxd6 15. Rxd6 Bc7 16. Rd2 Nb8 17. Nc5 b6 18. Ne4 Ba6 19. c4 Re8 20. Nd6 Bxd6 21. Rxd6 c5 22. Be2 Bb7 23. Rg1 h6 24. Bg4 Nc6 25. Bf3 Na5 26. Bxb7 Nxb7 27. Rd7 Na5 28. b3 Nc6 29. Rgd1 Kf8 30. Bf4 Nd4 31. Be3 Nc6 32. Rc7 Rac8 33. Rdd7 Rxc7 34. Rxc7 Re6 35. a3 Ke8 36. b4 cxb4 37. axb4 Nxb4 38. Rxa7 Nd3+ 39. Kc2 Ne1+ 40. Kc3 Nxg2 41. Bd4 Nf4 42. Bxg7 Rg6 43. Be5 Ne6 44. f4 Rg2 45. f5 Nc5 46. Ra8+ Kd7 47. Ra7+ Ke8 48. Ra8+ Ke7 49. Rb8 Nd7 50. Rb7 Rf2 51. Bg7 Rf3+ 52. Kb4 h5 53. f6+ Ke6 54. h4 Rf4 55. Rc7 Rxh4 56. Rc6+ Kf5 57. Rd6 Ne5 58. Rxb6 Rxc4+ 59. Kb3 Rc8 60. Rb4 Nd7 61. Rb5+ Kg6 62. Rd5 Rc7 63. Rd6 Rb7+ 64. Kc4 Ne5+ 65. Kd5 Ng4 66. Kc6 Ra7 67. Rd1 Ra6+ 0-1

[Event "November 21 Late 2023"]
[Site "https://www.chess.com"]
[Date "2023.11.21"]
[Round "10"]
[White "Tologon tegin, Semetei"]
[Black "Schnaider, Ilan"]
[Result "0-1"]
[Board "32"]
[TimeControl "180+1"]
[WhiteFideId "13800574"]
[BlackFideId "169013"]
[WhiteElo "2258"]
[BlackElo "2373"]
[WhiteTeam "KGZ"]
[BlackTeam "ARG"]
[WhiteClock "0:00:24"]
[BlackClock "0:00:29"]

1. d4 d5 2. c4 c6 3. Nc3 Nf6 4. cxd5 cxd5 5. Bf4 Nc6 6. e3 Bf5 7. Qb3 Na5 8. Qa4+ Bd7 9. Qc2 e6 10. Nf3 Rc8 11. Bd3 Nc6 12. a3 Nh5 13. Bxh7 Nxf4 14. exf4 Qf6 15. Bd3 Nxd4 16. Nxd4 Qxd4 17. g3 Bc5 18. O-O Bb6 19. Qe2 Bc6 20. h4 Qf6 21. Rad1 O-O 22. Bb1 Bd4 23. Qd3 Bxf2+ 24. Rxf2 g6 25. h5 Kg7 26. hxg6 fxg6 27. Qd4 Rh8 28. Ne2 e5 29. fxe5 Qe6 30. Nf4 Qg4 31. e6+ Kg8 32. Bxg6 Rh6 33. Bf7+ Kh7 34. Re1 Qxg3+ 35. Rg2 Qxe1# 0-1

[Event "November 21 Late 2023"]
[Site "https://www.chess.com"]
[Date "2023.11.21"]
[Round "10"]
[White "Vadim_Galchenko"]
[Black "Djokic, Mihailo"]
[Result "0-1"]
[Board "33"]
[TimeControl "180+1"]
[BlackFideId "976440"]
[WhiteElo "2578"]
[BlackElo "2265"]
[BlackTeam "SRB"]
[WhiteClock "0:00:04"]
[BlackClock "0:01:53"]

1. e4 c5 2. a3 a5 3. Bb5 g6 4. d4 Bg7 5. dxc5 Qc7 6. Qd5 Nf6 7. Qc4 O-O 8. Nc3 Na6 9. Be3 Ng4 10. Nd5 Qe5 11. c3 Nxe3 12. fxe3 e6 13. Ne7+ Kh8 14. Bxa6 Qg5 15. Nxc8 Rxa6 16. O-O-O Rxc8 17. Rxd7 Qxg2 18. Rxb7 Rac6 19. Qb5 Qxh1 0-1

[Event "November 21 Late 2023"]
[Site "https://www.chess.com"]
[Date "2023.11.21"]
[Round "10"]
[White "Arabidze, Meri"]
[Black "Hajiyev, Kanan"]
[Result "1-0"]
[Board "34"]
[TimeControl "180+1"]
[WhiteFideId "13604040"]
[BlackFideId "13404148"]
[WhiteElo "2416"]
[BlackElo "2102"]
[WhiteTeam "GEO"]
[BlackTeam "AZE"]
[WhiteClock "0:00:54"]
[BlackClock "0:00:03"]

1. Nf3 c6 2. b3 d5 3. Bb2 Nf6 4. e3 g6 5. g3 Bg7 6. Bg2 O-O 7. O-O Bg4 8. h3 Bxf3 9. Bxf3 Nbd7 10. d4 a5 11. a4 e5 12. dxe5 Ne4 13. Bxe4 dxe4 14. Nd2 Nxe5 15. Nxe4 f5 16. Nc5 Qxd1 17. Raxd1 Rf7 18. Kg2 Re8 19. Rd2 b6 20. Bxe5 Bxe5 21. Nd3 Bc3 22. Rdd1 Rd7 23. Kf3 Red8 24. Ke2 g5 25. h4 gxh4 26. gxh4 Bf6 27. h5 Bc3 28. Nf4 Rd2+ 29. Rxd2 Rxd2+ 30. Kf3 Rxc2 31. Rd1 Rd2 32. Rc1 Be5 33. Rxc6 Bxf4 34. Kxf4 Rxf2+ 35. Kg5 b5 36. axb5 Rb2 37. Kf6 h6 38. Rc8+ Kh7 39. Rc7+ Kg8 40. b6 Rxb3 41. b7 Rb6+ 42. Ke5 a4 43. Rc8+ Kf7 44. b8=Q Rb5+ 45. Qxb5 1-0

[Event "November 21 Late 2023"]
[Site "https://www.chess.com"]
[Date "2023.11.21"]
[Round "10"]
[White "Gubajdullin, Alexei"]
[Black "Silva Lucena, Cristian"]
[Result "1-0"]
[Board "35"]
[TimeControl "180+1"]
[WhiteFideId "4141202"]
[BlackFideId "2232588"]
[WhiteElo "2280"]
[BlackElo "2248"]
[WhiteTeam "RUS"]
[BlackTeam "ESP"]
[WhiteClock "0:00:35"]
[BlackClock "0:00:55"]

1. d4 Nf6 2. Nf3 g6 3. Bf4 Bg7 4. e3 O-O 5. Be2 d6 6. O-O c5 7. c3 Be6 8. Nbd2 Qb6 9. Qc2 Nc6 10. dxc5 Qxc5 11. e4 Qb6 12. Be3 Qc7 13. h3 Rac8 14. c4 Nd7 15. Rac1 Nb4 16. Qb1 a5 17. a3 Nc6 18. b4 b6 19. Ng5 Ra8 20. Nxe6 fxe6 21. Bg4 Kf7 22. c5 h5 23. Bxe6+ Kxe6 24. Qb3+ Kf6 25. Nf3 Bh8 26. Ng5 Nd8 27. cxb6 Qb8 28. bxa5 Kg7 29. Rc7 Ne5 30. Rxe7+ Kf6 31. Rc7 Nef7 32. Bd4+ Kxg5 33. Qe3+ Kh4 34. Qg3# 1-0

[Event "November 21 Late 2023"]
[Site "https://www.chess.com"]
[Date "2023.11.21"]
[Round "10"]
[White "Fiorito, Francisco"]
[Black "Gurevich, Dmitry"]
[Result "1-0"]
[Board "36"]
[TimeControl "180+1"]
[WhiteFideId "180165"]
[BlackFideId "2000407"]
[WhiteElo "2318"]
[BlackElo "2506"]
[WhiteTeam "ARG"]
[BlackTeam "USA"]
[WhiteClock "0:02:04"]
[BlackClock "0:00:06"]

1. Nf3 Nf6 2. g3 d5 3. Bg2 c6 4. O-O Bf5 5. d3 h6 6. Nbd2 e6 7. b3 Bh7 8. Bb2 Be7 9. e3 O-O 10. Qe2 a5 11. a3 Na6 12. e4 dxe4 13. dxe4 Nc5 14. Ne5 Qb6 15. Nec4 Qc7 16. Be5 Qd8 17. Rad1 b5 18. Nb1 Nfd7 19. Nb2 Qc8 20. Bd6 Bxd6 21. Rxd6 Qc7 22. Rfd1 Nf6 23. e5 Nd5 24. c4 bxc4 25. bxc4 Ne7 26. Nc3 Rab8 27. Nba4 Nxa4 28. Nxa4 Rfd8 29. Nc5 Nf5 30. Na6 Qb6 31. c5 Nxd6 32. cxb6 1-0

[Event "November 21 Late 2023"]
[Site "https://www.chess.com"]
[Date "2023.11.21"]
[Round "10"]
[White "Rios Escobar, Adan"]
[Black "Vlassov, Nikolai"]
[Result "0-1"]
[Board "37"]
[TimeControl "180+1"]
[WhiteFideId "3403645"]
[BlackFideId "4103360"]
[WhiteElo "2432"]
[BlackElo "2324"]
[WhiteTeam "CHI"]
[BlackTeam "FID"]
[WhiteClock "0:00:06"]
[BlackClock "0:00:14"]

1. Nf3 c5 2. c4 g6 3. Nc3 Bg7 4. g3 Nc6 5. Bg2 d6 6. O-O f5 7. Rb1 Nf6 8. a3 a5 9. e3 O-O 10. d4 e5 11. d5 Ne7 12. e4 h6 13. Qe2 fxe4 14. Nd2 Bg4 15. Qe3 Nf5 16. Qe1 Nd4 17. Ncxe4 Nc2 18. Nxf6+ Qxf6 19. Qe4 Bf5 20. Qh4 g5 21. Qh5 Nd4 22. Ne4 Qg6 23. Qxg6 Bxg6 24. Be3 Nf3+ 25. Bxf3 Rxf3 26. Nxd6 Bxb1 27. Rxb1 b6 28. Nb5 g4 29. Nc3 h5 30. Kg2 Kh7 31. Ne4 Kg6 32. h3 Bh6 33. Bxh6 Kxh6 34. h4 Rd3 35. Re1 Kg6 36. Nd6 Rd2 37. Rxe5 Rxb2 38. Re6+ Kh7 39. Nf5 Rf8 40. Rh6+ Kg8 41. Rxh5 b5 42. Rg5+ Kh7 43. cxb5 c4 44. d6 c3 45. Rg7+ Kh8 46. Rxg4 Rxf5 47. Rc4 Rfxf2+ 48. Kh3 c2 49. d7 Rd2 50. Rc8+ Kg7 51. Rc7 Kf6 52. Rc6+ Ke7 53. b6 Rxd7 54. a4 Rb7 55. Rc3 R7xb6 56. Re3+ Re6 57. Rc3 Re1 58. h5 c1=Q 59. Rxc1 Rxc1 60. g4 Kf6 61. Kg3 Kg5 62. Kf3 Rc4 63. Ke3 Rb3+ 64. Kd2 Rxa4 65. h6 Ra2+ 66. Kc1 Rh3 67. Kb1 Rg2 68. h7 Rh1# 0-1

[Event "November 21 Late 2023"]
[Site "https://www.chess.com"]
[Date "2023.11.21"]
[Round "10"]
[White "jactorres"]
[Black "Goltsev, Dmitry"]
[Result "1/2-1/2"]
[Board "38"]
[TimeControl "180+1"]
[BlackFideId "24176710"]
[WhiteElo "2459"]
[BlackElo "2370"]
[BlackTeam "RUS"]
[WhiteClock "0:00:07"]
[BlackClock "0:00:05"]

1. e4 e6 2. d4 d5 3. Nd2 c5 4. exd5 exd5 5. Ngf3 Nf6 6. Bb5+ Nc6 7. dxc5 Bxc5 8. O-O O-O 9. Nb3 Bb6 10. h3 Qd6 11. c4 a6 12. cxd5 axb5 13. dxc6 Qxd1 14. Rxd1 bxc6 15. Bg5 Ne4 16. Nbd4 Be6 17. a3 Bd5 18. Be3 Rfe8 19. Rac1 Rac8 20. Nf5 Bc7 21. Nd2 Rcd8 22. Nxe4 Bxe4 23. Nd4 Be5 24. b4 f5 25. f3 f4 26. fxe4 fxe3 27. Nxc6 Rxd1+ 28. Rxd1 Bc3 29. Kf1 Rxe4 30. Rd8+ Kf7 31. Ke2 Bd2 32. Nd4 Bc1 33. Nxb5 Rf4 34. Rd7+ Ke8 35. Rd4 Rf2+ 36. Kd3 Rd2+ 37. Kxe3 Rxg2+ 38. Ke4 Rg5 39. Nd6+ Kf8 40. Rd5 Rg3 41. Rf5+ Ke7 42. Nc4 Rxh3 43. a4 Rb3 44. b5 Rb4 45. Kd5 Rxa4 46. Re5+ Kf6 47. Re6+ Kg5 48. b6 Rb4 49. Re5+ Kf6 50. Re6+ Kg5 51. Re5+ Kh6 52. Re6+ Kh5 53. Re5+ g5 54. Re7 h6 55. b7 Bf4 56. Ne5 Rb5+ 57. Kc4 Rxe5 58. b8=Q Rxe7 59. Qb1 Re3 60. Qh1+ Kg6 61. Qc6+ Kg7 62. Qd7+ Kf6 63. Qd8+ Kf5 64. Qf8+ Kg4 65. Qc8+ Kg3 66. Qh8 g4 67. Qg7 h5 68. Qa1 Re2 69. Qg1+ Rg2 70. Qe1+ Kh3 71. Qh1+ Bh2 72. Qf1 h4 73. Kd3 Bf4 74. Ke4 Kg3 75. Qe1+ Rf2 76. Qg1+ Rg2 77. Qe1+ Kh2 78. Kxf4 g3 79. Qe6 h3 80. Qh6 Rf2+ 81. Kg4 g2 82. Qxh3+ Kg1 83. Qe3 Kf1 84. Qc1+ Ke2 85. Qc2+ Ke1 86. Qc1+ Ke2 87. Qc2+ Ke1 88. Qc1+ Ke2 1/2-1/2

[Event "November 21 Late 2023"]
[Site "https://www.chess.com"]
[Date "2023.11.21"]
[Round "10"]
[White "MKlose11"]
[Black "Khater, Sherif"]
[Result "0-1"]
[Board "39"]
[TimeControl "180+1"]
[BlackFideId "2034280"]
[WhiteElo "2635"]
[BlackElo "2520"]
[BlackTeam "USA"]
[WhiteClock "0:00:55"]
[BlackClock "0:00:33"]

1. e4 a6 2. d4 c6 3. Bd3 d5 4. e5 c5 5. c3 Nc6 6. Ne2 e6 7. O-O cxd4 8. cxd4 Nb4 9. Be3 Nxd3 10. Qxd3 Bd7 11. Nbc3 Ne7 12. f4 Nf5 13. Bf2 h5 14. g3 Rc8 15. h3 Be7 16. Rac1 Bb4 17. a3 Bxc3 18. Nxc3 Bc6 19. g4 hxg4 20. hxg4 Ne7 21. Kg2 Kd7 22. b4 Ng6 23. Bg3 Qb6 24. Rh1 Bb5 25. Qe3 Rxh1 26. Rxh1 Qc6 27. Be1 Qc4 28. Rh7 Qf1+ 29. Kg3 Bd3 30. Rxg7 Rh8 31. Rxf7+ Ke8 0-1

[Event "November 21 Late 2023"]
[Site "https://www.chess.com"]
[Date "2023.11.21"]
[Round "10"]
[White "Musovic, Armin"]
[Black "Gimenez Aguirre, Alejo Ismael"]
[Result "1-0"]
[Board "40"]
[TimeControl "180+1"]
[WhiteFideId "939935"]
[BlackFideId "32041667"]
[WhiteElo "2322"]
[BlackElo "2165"]
[WhiteTeam "MNE"]
[BlackTeam "ARG"]
[WhiteClock "0:00:08"]
[BlackClock "0:00:04"]

1. a3 d5 2. Nc3 c6 3. e4 e6 4. d4 Nf6 5. e5 Nfd7 6. Nce2 c5 7. c3 Nc6 8. f4 a5 9. Nf3 Qb6 10. Ng3 g6 11. Be2 a4 12. O-O Bg7 13. h4 cxd4 14. cxd4 O-O 15. h5 f6 16. Kh2 Ra7 17. Qd3 f5 18. Be3 Na5 19. Ng5 Nb3 20. Rad1 Nb8 21. Rh1 Bd7 22. Kg1 Ra5 23. Nxh7 Kxh7 24. hxg6+ Kg8 25. Bf2 Be8 26. Nh5 Qc7 27. Qg3 Nc6 28. Rh4 b6 29. Kh2 Ra7 30. Rh1 Ncxd4 31. Bd1 Nc6 32. Nxg7 Qxg7 33. Kg1 Bxg6 34. Rh6 Ne7 35. Qg5 Kf7 36. Bh5 Rg8 37. Bh4 Bxh5 38. Qxh5+ Kf8 39. Rf6+ Qxf6 40. exf6 Ng6 41. Bg5 Rf7 42. Qe2 Nc5 43. Qb5 e5 44. Qxb6 Nxf4 45. Qxc5+ Ke8 46. Qc8# 1-0

[Event "November 21 Late 2023"]
[Site "https://www.chess.com"]
[Date "2023.11.21"]
[Round "10"]
[White "Zhurbinsky, David"]
[Black "Mazurkiewicz, Michal"]
[Result "0-1"]
[Board "41"]
[TimeControl "180+1"]
[WhiteFideId "2072904"]
[BlackFideId "1124943"]
[WhiteElo "2618"]
[BlackElo "2124"]
[WhiteTeam "USA"]
[BlackTeam "POL"]
[WhiteClock "0:00:12"]
[BlackClock "0:00:08"]

1. e4 d6 2. d4 Nf6 3. Nc3 c6 4. Nf3 Bg4 5. Be2 e6 6. h3 Bh5 7. Bf4 d5 8. e5 Nfd7 9. Qd2 c5 10. O-O-O Nc6 11. g4 Bg6 12. Nb5 Qb6 13. dxc5 Bxc5 14. Nh4 Rc8 15. Nxg6 hxg6 16. Kb1 Ndxe5 17. Bxe5 Nxe5 18. f4 Be3 19. Qb4 Bc5 20. Qa4 Nc6 21. f5 a6 22. Nc3 Qb4 23. fxe6 fxe6 24. Rhe1 Bf2 25. Rf1 O-O 26. Bd3 Qxa4 27. Nxa4 g5 28. Nc3 Bd4 29. Ne2 Be5 30. Bg6 Ne7 31. Bd3 g6 32. c3 Rxf1 33. Rxf1 Rf8 34. Re1 Nc6 35. Bxg6 Kg7 36. Bc2 Rf3 37. Ng1 Rf2 38. a4 Kf6 39. Ne2 Rh2 40. Rf1+ Ke7 41. Ng1 Rh1 42. Bd3 Bf4 43. Kc2 Ne5 44. Be2 Nc4 45. Bxc4 dxc4 46. Rd1 Be3 47. Nf3 Rxh3 48. Ne5 Rh2+ 49. Kb1 Rd2 50. Rh1 b5 51. Rh7+ Kd6 52. Nf7+ Kd5 53. axb5 axb5 54. Nd8 Rd1+ 55. Ka2 Rd2 56. Rd7+ Ke4 57. Rb7 Rg2 58. Nxe6 Rxg4 59. Rxb5 Rg2 60. Rb4 Kd3 61. Rb5 g4 62. Rd5+ Ke4 63. Rd8 g3 64. Re8 Kd3 65. Rd8+ Ke2 66. Rg8 Rg1 67. Nc7 g2 68. Nd5 Kf3 69. Rf8+ Ke4 70. Nf6+ Kd3 71. Rg8 Ke2 72. Nd5 Kf3 73. Rf8+ Ke4 74. Nf6+ Kd3 75. Rg8 Bf2 76. Rd8+ Ke2 77. Re8+ Kf1 78. Rg8 Rh1 79. Ne4 g1=Q 80. Nd2+ Ke2 81. Rxg1 Rxg1 82. Nxc4 Kd3 83. Ne5+ Ke4 84. Nc4 Kd5 85. Kb3 Rg2 86. Kb4 Bc5+ 87. Kb3 Rg4 88. Nd2 Rg2 89. Kc2 Be3 90. Kd3 Bxd2 91. c4+ Kc5 92. b3 Bb4 93. Ke3 Rg3+ 94. Ke4 Rxb3 95. Ke5 Rc3 96. Kf5 Rxc4 97. Ke6 Re4+ 98. Kf7 Kd6 99. Kg8 Re7 100. Kh8 Ke6 101. Kg8 Kf6 102. Kh8 Kg6 103. Kg8 Re8# 0-1